 Dungeon Crawl Stone Soup version 0.28.0 (webtiles) character file.

Game seed: 5981067765695410969

30 Hasart the Shield-Bearer (level 2, -5/25 HPs)
             Began as a Demigod Fighter on Feb 9, 2022.
             Slain by Terence (8 damage)
             ... on level 2 of the Dungeon.
             The game lasted 00:01:02 (1173 turns).

Hasart the Shield-Bearer (Demigod Fighter)          Turns: 1173, Time: 00:01:03

Health: -5/25      AC:  6    Str: 17    XL:     2   Next: 87%
Magic:  4/4        EV:  9    Int: 10    God:
Gold:   81         SH:  4    Dex: 13    Spells: 1/1 levels left

rFire   . . .      SeeInvis .     - Unarmed
rCold   . . .      Faith    .   b - +0 buckler
rNeg    . . .      Spirit   .   a - +0 scale mail
rPois   .          Reflect  .   (no helmet)
rElec   .          Harm     .   (no cloak)
rCorr   .          Rampage  .   (no gloves)
Will    .....                   (no boots)
Stlth   ..........              (no amulet)
HPRegen 0.08/turn               (no ring)
MPRegen 0.09/turn               (no ring)

@: no status effects
A: high MP 1, forlorn, divine attributes
a: no special abilities


You were on level 2 of the Dungeon.
You visited 1 branch of the dungeon, and saw 2 of its levels.

You collected 81 gold pieces.

Inventory:

Armour
 a - a +0 scale mail (worn)
 b - a +0 buckler (worn)
Scrolls
 d - 3 scrolls of identify {unknown}
 e - a scroll of enchant armour {unknown}
 i - a scroll of magic mapping {unknown}
Potions
 c - a potion of might
 f - a potion of cancellation {unknown}
 h - a potion of heal wounds {unknown}
 j - a potion of haste {unknown}
 k - a potion of flight {unknown}
 l - a potion of degeneration {unknown}


   Skills:
 + Level 2.9 Fighting
 + Level 2.9 Armour
 + Level 0.8 Dodging
 + Level 2.9 Shields
 * Level 2.3 Unarmed Combat


You had one spell level left.
You didn't know any spells.
Your spell library was empty.

Dungeon Overview and Level Annotations

Branches:
Dungeon (2/15)

Annotations:
D:2 Terence


Innate Abilities, Weirdness & Mutations

You have an increased reservoir of magic. (+10% MP)
You shall have no god before yourself.
Your divine heritage dramatically boosts your attributes as you level up.


Message History

You barely miss the bat. The bat hits you. You block the bat's attack.
Terence hits you from afar with a +0 trident.
You closely miss the bat. The bat barely misses you. Terence barely misses you.
You hit the bat but do no damage. The bat barely misses you. x2
Terence hits you from afar with a +0 trident.
You miss the bat. The bat hits you.
Terence hits you from afar with a +0 trident.
* * * LOW HITPOINT WARNING * * *
You hit the bat.
You kill the bat!
Terence closely misses you. Terence hits you with a +0 trident.
* * * LOW HITPOINT WARNING * * *
You see here a bat corpse.
You barely miss Terence. Terence barely misses you.
You barely miss Terence. Terence closely misses you.
You hit Terence.
Terence is moderately wounded.
Terence hits you with a +0 trident.
* * * LOW HITPOINT WARNING * * *
You hit Terence.
Terence is moderately wounded.
Terence hits you but does no damage.
You hit Terence but do no damage.
Terence is moderately wounded.
You block Terence's attack.
You hit Terence but do no damage.
Terence is moderately wounded.
Terence hits you with a +0 trident.
* * * LOW HITPOINT WARNING * * *
You hit Terence.
Terence is moderately wounded.
Terence closely misses you.
You hit Terence but do no damage.
Terence is moderately wounded.
You block Terence's attack.
You hit Terence.
Terence is heavily wounded.
Terence hits you with a +0 trident!
You die...

.. #. ###. ...##
...# ..# #.# #.#
# #@# ##### ..#.
#@##......
.....###..†@.....
........###......
..#.###.# #####
#.# #.. .. #.#
#.#...#.# #.#
#.#...#.#
.#######.#
#.#.....#


You could see Terence.

Vanquished Creatures
  An adder (D:2)
  A dart slug (D:1)
  4 bats (D:2)
  An endoplasm (D:1)
  A goblin (D:1)
  4 hobgoblins
  2 kobolds (D:1)
  3 ball pythons
  A frilled lizard (D:2)
18 creatures vanquished.

Notes
Turn   | Place    | Note
-------+----------+-------------------------------------------
     0 | D:1      | Hasart the Demigod Fighter began the quest for the Orb.
     0 | D:1      | Reached XP level 1. HP: 18/18 MP: 3/3
   360 | D:1      | Reached XP level 2. HP: 16/25 MP: 4/4
  1147 | D:2      | Noticed Terence
  1173 | D:2      | Slain by Terence

Illustrated notes

Levels and vault maps discovered:
D:1:      dpeg_arrival_pits, layout_rooms,
          hellmonk_ecumenical_altar_inner_sanctum, due_unseen_surprise
D:2:      layout_loops_cross, chequers_serial_rivers_room_a, uniq_terence

Skill      XL: |  1 |
---------------+----+-----
Unarmed Combat | 2 |  2.3
Fighting       | |  2.9
Armour         | |  2.9
Dodging        | |  0.8
Shields        | |  2.9

Action                   || total
-------------------------++-------
Melee: Unarmed           ||    77
  Use: Potion            ||     1
Armor: Scale mail        ||    28
Dodge: Dodged            ||    34
Block: Buckler           ||    17
